AoeStats
← Sr. Matanza

Arena

510000668Analyzed
1v1 RM · 3d ago on Sep 29, 2026· 49m 46s· 2 players
Game mode
Random Map
Map size
Tiny (2 player)
Population
200
Speed
Normal
Resources
Standard
Victory
Conquest
Starting age
Dark Age
Ending age
Imperial Age
RankedLock teamsTeams togetherTeam positionsShared explorationLock speedFull tech treeHidden civsTurbo modeCheats
Victory
Defeat
🇦🇷 Inca · Argentina
675
+16
🇧🇷 Poles · Brazil
685
-16
Sr. Matanza
10:17 Feudal Age
16:35 Castle Age
15:45 Forging
15:26 Fletching
16:18 Fletching
17:04 Scale Mail Armor
16:54 Loom
17:07 Double-Bit Axe
33:39 Imperial Age
31:43 Murder Holes
33:15 Wheelbarrow
34:40 Hand Cart
35:12 Iron Casting
34:52 Chain Mail Armor
38:02 Gold Mining
38:07 Pikeman
40:43 Blast Furnace
39:58 Chain Mail Armor
42:18 Halberdier
44:06 Squires
43:53 Arson
45:48 Elite Kamayuk
47:54 Fabric Shields
48:19 Elite Skirmisher
GrayFoxRCS
11:38 Feudal Age
13:08 Double-Bit Axe
13:07 Horse Collar
14:19 Stone Mining
14:22 Gold Mining
19:10 Castle Age
18:15 Bloodlines
18:18 Forging
18:47 Scale Barding Armor
19:39 Light Cavalry
21:22 Husbandry
32:02 Iron Casting
34:29 Imperial Age
32:35 Wheelbarrow
31:46 Town Watch
31:46 Loom
32:40 Bow Saw
32:58 Heavy Plow
33:39 Stone Shaft Mining
34:59 Hand Cart
35:12 Cavalier
38:20 Ballistics
37:56 Murder Holes
40:10 Blast Furnace
39:31 Chain Barding Armor
40:25 Arrowslits
41:41 Chemistry
42:19 Szlachta Privileges
42:35 Conscription
44:33 Town Patrol
44:58 Bombard Tower
44:29 Guard Tower
44:06 Winged Hussar
47:16 Lechitic Legacy
48:31 Crop Rotation
48:42 Scale Mail Armor
Connection lost

Rejoining the realm…

Still unreachable

The connection could not be restored.

Session expired

The server has moved on; the page needs a fresh start.